 Dungeon Crawl Stone Soup version 0.24.0-123-gd5b16e6ec5 (webtiles) character file.

Game seed: 15510597772816098654, levelgen mode: deterministic

51 Descartes the Ducker (level 3, 0/17 HPs)
             Began as a Felid Monk on Jan 8, 2020.
             Succumbed to a worker ant's poison
             ... on level 4 of the Dungeon.
             The game lasted 00:02:34 (1573 turns).

Descartes the Ducker (Felid Monk)                   Turns: 1573, Time: 00:02:34

Health: 0/17       AC:  1    Str:  8    XL:     3   Next: 57%
Magic:  4/4        EV: 20    Int: 11    God:
Gold:   96         SH:  0    Dex: 18    Spells: 2/2 levels left
                                        Lives:  0   Deaths: 0

rFire    . . .     SeeInvis +     - Unarmed
rCold    . . .     Gourm    .   (shield unavailable)
rNeg     . . .     Faith    .   (armour unavailable)
rPois    .         Spirit   .   (helmet unavailable)
rElec    .         Reflect  .   (cloak unavailable)
rCorr    .         Harm     .   (gloves unavailable)
MR       .....                  (boots unavailable)
Stlth    +++.......             (no amulet)
HPRegen  0.05/turn              (no ring)
MPRegen  0.09/turn              (no ring)

@: lethally poisoned (0 -> -9), quick
A: very small, no armour, no weapons or thrown items, stealth, claws 1, fangs 3,
see invisible, carnivore, speed 1, shaggy fur 1, slow metabolism 1, sharp paws
a: no special abilities


You were on level 4 of the Dungeon.
You were very full.

You visited 1 branch of the dungeon, and saw 3 of its levels.

You collected 96 gold pieces.

Inventory:

Missiles
 b - 86 stones
 l - 32 arrows
Scrolls
 d - 4 scrolls of identify {unknown}
 e - a scroll of magic mapping {unknown}
 g - a scroll of teleportation {unknown}
 h - a scroll of remove curse {unknown}
 i - a scroll of enchant weapon {unknown}
Potions
 c - a potion of agility {unknown}
 f - 2 potions of flight {unknown}
 j - a potion of haste {unknown}
Comestibles
 a - 10 rations
 k - 3 chunks of flesh


   Skills:
 - Level 3.0 Fighting
 + Level 4.6 Dodging
 + Level 3.6 Stealth
 * Level 3.9 Unarmed Combat


You had 2 spell levels left.
You didn't know any spells.
Your spell library was empty.

Dungeon Overview and Level Annotations

Branches:
Dungeon (2/15)

Altars:


Innate Abilities, Weirdness & Mutations

You cannot wear armour.
You are incapable of wielding weapons or throwing items.
Your paws allow you to move quietly. (Stealth)
You have sharp claws.
You have razor-sharp teeth.
You have supernaturally acute eyesight. (SInv)
You are carnivorous and can eat meat at any time.
You cover ground quickly.
You are covered in fur. (AC +1)
You have a slow metabolism.
Your sharp claws are effective at attacking unaware monsters.


Message History

You feel sick. The worker ant barely misses you.
You scratch the worker ant but do no damage.
The worker ant is severely wounded.
The worker ant misses you.
You scratch the worker ant but do no damage.
The worker ant is severely wounded.
You feel sick. The worker ant closely misses you.
You scratch the worker ant but do no damage.
The worker ant is severely wounded.
The worker ant bites you!
* * * LOW HITPOINT WARNING * * *
You are more poisoned.
The worker ant poisons you!
You closely miss the worker ant.
The worker ant is severely wounded.
* * * LOW HITPOINT WARNING * * *
You feel sick.
The worker ant completely misses you. x2
* * * LOW HITPOINT WARNING * * *
You feel sick.
You die...

...# ###
...#
...#..#
#.#..#
#....#
### #.#
... #a#
#.# #.#
#.# #@#
##.###.#
#.....#.#
#.>###.##
# #..# ##
# #..# ..
#..# ##
#..# #
#..# #


You could see a worker ant.

Vanquished Creatures
  An adder (D:4)
  An ooze (D:1)
  A leopard gecko (D:2)
  5 giant cockroaches
  3 goblins (D:1)
  6 hobgoblins
  4 jackals (D:1)
  2 kobolds (D:1)
  A quokka (D:4)
  A ball python (D:4)
  3 bats (D:1)
  A frilled lizard (D:1)
  3 rats
32 creatures vanquished.

Notes
Turn   | Place    | Note
-------+----------+-------------------------------------------
     0 | D:1      | Descartes the Felid Monk began the quest for the Orb.
     0 | D:1      | Reached XP level 1. HP: 10/10 MP: 2/2
   199 | D:1      | Reached XP level 2. HP: 9/14 MP: 3/3
  1003 | D:1      | Reached XP level 3. HP: 17/17 MP: 4/4
  1442 | D:2      | You fall into a shaft and drop 2 floors!
  1573 | D:4      | Succumbed to a worker ant's poison

Levels and vault maps discovered:
D:1:      dpeg_arrival_solitude, layout_loops_ring
D:2:      layout_rooms, marbit_many_paths, serial_aquarium,
          aquarium_bridge_island_large [aquarium_subvault_large_water,
          aquarium_subvault_bridge, aquarium_subvault_balcony,
          aquarium_subvault_bridge, aquarium_subvault_bridge],
          aquarium_window_1, aquarium_window_fake, aquarium_window_1,
          aquarium_view_2g, aquarium_balcony_5b, aquarium_pool_1,
          roderic_nine_men_s_morris
D:4:      layout_loops_ring, lemuel_zombie_altar_yredelemnul, bloody_trog,
          nicolae_overflow_crystal_walls, supply_closet_lemuel

Skill      XL: |  1 |
---------------+----+-----
Stealth        | 3 |  3.6
Fighting       | |  3.0
Dodging        | |  4.6
Unarmed Combat | |  3.9

Action                   || total
-------------------------++-------
Melee: Unarmed           ||    85
       Bite              ||     5
 Stab: Sleeping          ||    11
  Eat: Chunk             ||     8
Armor: Skin              ||     3
Dodge: Dodged            ||    67
